 Seeded DCSS version 0.31.0-32-g396128a36d (webtiles) character file.

Game seed: 17580971406521618064 (custom seed)

53 Alphaeus the Ruffian (level 3, 0/33 HPs)
             Began as a Troll Shapeshifter on Mar 19, 2024.
             Slain by a goblin
             ... wielding a +0 club
              (4 damage)
             ... on level 2 of the Dungeon.
             The game lasted 00:00:48 (760 turns).

Alphaeus the Ruffian (Troll Shapeshifter)            Turns: 760, Time: 00:00:48

Health: 0/33       AC:  4    Str: 24    XL:     3   Next: 64%
Magic:  2/2        EV:  9    Int:  6    God:
Gold:   29         SH:  0    Dex:  9    Spells: 2/2 levels left

rFire   . .          .
                       - Unarmed
rCold   . . .        (no shield)
rNeg    . . .        a - +0 animal skin
rPois   .            (helmet currently unavailable)
rElec   .            (cloak currently unavailable)
rCorr   .            (gloves unavailable)
SInv    .            (boots unavailable)
Will    .....        (no amulet)
Stlth   +            (no ring)
HPRegen 1.05/turn    (no ring)
MPRegen 0.08/turn

%: no passive effects
@: beast-form
A: beast (slay +2), large, unfitting armour, claws 3, regeneration 1, shaggy fur
1, tough skin 1
a: Begin Untransformation


You were on level 2 of the Dungeon.
You were a hulking beast.
You visited 1 branch of the dungeon, and saw 2 of its levels.

You collected 29 gold pieces.

Inventory:

Missiles
 k - a throwing net (quivered)
Armour
 a - a +0 animal skin (worn)
Talismans
 c - a beast talisman
 d - a flux talisman
Scrolls
 f - a scroll of noise {unknown}
 i - a scroll of fog {unknown}
 j - 2 scrolls of teleportation {unknown}
 l - a scroll of brand weapon {unknown}
Potions
 b - a potion of lignification
 e - a potion of degeneration {unknown}
 g - a potion of curing {unknown}
 h - a potion of brilliance {unknown}


   Skills:
 + Level 1.4 Fighting
 - Level 1.5 Dodging
 * Level 3.7 Unarmed Combat
 * Level 3.6 Shapeshifting


You had 2 spell levels left.
You didn't know any spells.
Your spell library was empty.

Dungeon Overview and Level Annotations

Branches:
Dungeon (2/15)

Altars:
Ashenzari


Innate Abilities, Weirdness & Mutations

You are a hulking beast.
Your limbs bulge with bestial killing power. (Slay +2)
You are too large for most types of armour.
You have claws for hands.
Your natural rate of healing is unusually fast.
You are covered in fur. (AC +1)
You have tough skin. (AC +1)


Message History

The gnoll closely misses you. The goblin hits you but does no damage.
You scratch the gnoll but do no damage.
The gnoll is almost dead.
The goblin hits you with a +0 club. The gnoll hits you with a +0 club.
You scratch the gnoll.
You kill the gnoll!
The goblin hits you but does no damage. The goblin attacks as it pursues you!
The goblin hits you with a +0 club.
Things that are here:
a +0 club; a throwing net; a ribbon worm corpse A gnoll comes into view.
It is wielding a +3 spear.
The gnoll hits you with a +0 spear! The goblin hits you but does no damage.
You claw the gnoll!
The gnoll is heavily wounded.
The gnoll barely misses you. The goblin hits you with a +0 club.
You closely miss the gnoll.
The gnoll is heavily wounded.
The gnoll closely misses you. The goblin barely misses you.
You closely miss the gnoll.
The gnoll is heavily wounded.
The gnoll hits you with a +0 spear!
* * * LOW HITPOINT WARNING * * *
The goblin hits you with a +0 club.
* * * LOW HITPOINT WARNING * * *
You scratch the gnoll.
The gnoll is severely wounded.
You claw the gnoll!
You kill the gnoll!
The goblin hits you but does no damage.
You closely miss the goblin.
The goblin is severely wounded.
The goblin barely misses you.
The gnoll hits you from afar with a +3 spear.
* * * LOW HITPOINT WARNING * * *
You closely miss the goblin.
The goblin is severely wounded.
The gnoll hits you from afar with a +3 spear.
* * * LOW HITPOINT WARNING * * *
The goblin hits you with a +0 club.
You die...

#######
..#....)##
.....g.h)##
.......)g<#
..........#
.......!..#
..........#
..........#
.........##
..#.....##
.########


You could see a gnoll and a goblin.

Vanquished Creatures
  2 gnolls (D:2)
  A ribbon worm (D:2)
  5 bats (D:1)
  3 endoplasms (D:1)
  A giant cockroach (D:1)
  7 goblins
  4 hobgoblins (D:1)
  3 ball pythons
  3 kobolds
  A rat (D:1)
30 creatures vanquished.

Notes
Turn   | Place    | Note
-------+----------+-------------------------------------------
     0 | D:1      | Alphaeus the Troll Shapeshifter began the quest for the
                  | Orb.
     0 | D:1      | Reached XP level 1. HP: 18/18 MP: 0/0
   108 | D:1      | Reached skill level 1 in Fighting
   110 | D:1      | Reached XP level 2. HP: 21/27 MP: 1/1
   158 | D:1      | You fall into a shaft and drop 1 floor!
   208 | D:2      | Found a broken altar of Ashenzari.
   443 | D:1      | Reached XP level 3. HP: 33/33 MP: 2/2
   760 | D:2      | Slain by a goblin

Illustrated notes

Levels and vault maps discovered:
D:1:      nicolae_arrival_somewhat_less_tricky_arrival, layout_loops_cross
D:2:      layout_rooms, basic_altar, serial_forest,
          infiniplex_forest_clump_large, infiniplex_forest_straight_2,
          infiniplex_forest_zigzag_1, infiniplex_forest_corner_2,
          infiniplex_forest_clump_small, infiniplex_forest_end_2,
          infiniplex_forest_join, infiniplex_forest_3_way,
          infiniplex_forest_clump_medium

Skill      XL: |  1 |
---------------+----+-----
Fighting       | 1 |  1.4
Dodging        | |  1.5
Unarmed Combat | |  3.7
Shapeshifting  | |  3.6

Action                     || total
---------------------------++-------
  Melee: Unarmed           ||    71
         Punch             ||     1
 Armour: Animal skin       ||    57
  Dodge: Dodged            ||    34
